 Dungeon Crawl Stone Soup version 0.28-a0-793-g31680bbd8b (webtiles) character file.

Game seed: 11286009114062538006

110 Lemonice the Sneak (level 4, -1/29 HPs)
             Began as an Octopode Earth Elementalist on Nov 5, 2021.
             Slain by an orc (5 damage)
             ... on level 3 of the Dungeon.
             The game lasted 00:05:25 (3072 turns).

Lemonice the Sneak (Octopode Earth Elementalist)    Turns: 3072, Time: 00:05:25

Health: -1/29      AC:  1    Str:  8    XL:     4   Next: 91%
Magic:  7/7        EV: 17    Int: 17    God:
Gold:   135        SH:  0    Dex: 12    Spells: 6/7 levels left

rFire   . . .      SeeInvis .   p - +1 dagger (pain)
rCold   . . .      Faith    .   (no shield)
rNeg    . . .      Spirit   .   (helmet restricted)
rPois   +          Reflect  .   (no amulet)
rElec   .          Harm     .   g - +4 ring of evasion
rCorr   .          Rampage  .   j - ring of poison resistance
Will    .....                   (no ring)
Stlth   +++.......              (no ring)
HPRegen 0.09/turn               (no ring)
MPRegen 0.10/turn               (no ring)
                                (no ring)
                                (no ring)

@: no status effects
A: almost no armour, amphibious, 8 rings, camouflage 1, gelatinous body 1,
(nimble swimmer 1), tentacles
a: no special abilities


You were on level 3 of the Dungeon.
You visited 1 branch of the dungeon, and saw 3 of its levels.

You collected 135 gold pieces.

Inventory:

Hand Weapons
 d - a +0 short sword
 h - a +0 dagger
 p - a +1 dagger of pain (weapon)
Missiles
 b - 132 stones
Jewellery
 g - a +4 ring of evasion (left tentacle)
 j - a ring of poison resistance (right tentacle)
Wands
 m - a wand of digging (4)
Scrolls
 c - a scroll of enchant weapon {unknown}
 e - a scroll of amnesia {unknown}
 f - a scroll of teleportation {unknown}
 i - 2 scrolls of identify {unknown}
 n - 2 scrolls of magic mapping {unknown}
Potions
 a - a potion of flight {unknown}
 k - a potion of ambrosia {unknown}
 l - a potion of curing {unknown}
 o - a potion of magic {unknown}


   Skills:
 + Level 1.6 Fighting
 * Level 2.0 Short Blades
 * Level 3.3 Dodging
 + Level 3.7 Stealth
 - Level 2.0 Spellcasting
 - Level 1.0 Transmutations
 - Level 3.0 Earth Magic


You had 6 spell levels left.
You knew the following spells:

 Your Spells              Type           Power      Damage    Failure   Level
a - Sandblast             Erth           22%        2d7       5%          1

Your spell library contained the following spells:

 Spells                   Type           Power      Damage    Failure   Level
 Passwall                 Tmut/Erth      6%         N/A       13%         2
 Stone Arrow              Conj/Erth      12%        3d7       30%         3
 Dazzling Flash           Conj/Hex       2%         N/A       50%         3
 Swiftness                Air            1%         N/A       50%         3
 Petrify                  Tmut/Erth      8%         N/A       63%         4
 Iskenderun's Mystic Bla  Conj/Tloc      1%         2d3       88%         4
 Invisibility             Hex            0%         N/A       100%        6
 Starburst                Conj/Fire      0%         6d3       100%        6


Dungeon Overview and Level Annotations

Branches:
Dungeon (3/15)

Altars:

Shops:
D:1 !


Innate Abilities, Weirdness & Mutations

You cannot wear most types of armour.
You are amphibious.
You can wear up to eight rings at the same time.
Your skin changes colour to match your surroundings (Stealth+).
Your rubbery body absorbs attacks. (AC +1, EV +1)
((You are camouflaged near water. (Stealth+)))
You have tentacles for arms and can constrict up to eight enemies at once.


Message History

You kill the orc!
The goblin barely misses you. The goblin misses you.
The orc priest mumbles some strange prayers to Beogh against you.
Beogh smites you! The orc closely misses you.
You hit the orc priest but do no damage.
You grab the orc priest.
You constrict the orc priest, but do no damage.
The goblin completely misses you.
The orc priest calls down the wrath of Beogh upon you.
Pain shoots through your body! The orc hits you but does no damage.
You hit the orc priest but do no damage.
You squeeze the orc priest.
The orc priest is moderately wounded.
You constrict the orc priest, but do no damage.
The goblin closely misses you.
The orc priest hits you with a +0 hand axe.
* * * LOW HITPOINT WARNING * * *
The orc completely misses you.
You barely miss the orc priest.
The orc priest is moderately wounded.
You constrict the orc priest, but do no damage.
The goblin barely misses you. The orc priest misses you.
The orc barely misses you.
You hit the orc priest but do no damage.
The orc priest is moderately wounded.
You constrict the orc priest. The goblin hits you with a +0 dagger.
* * * LOW HITPOINT WARNING * * *
The orc closely misses you.
The orc priest begins to cast a cantrip, but forgets the words!
Unknown command.
You hit the orc priest.
The orc priest is moderately wounded.
You constrict the orc priest, but do no damage.
The goblin barely misses you.
You hit the orc priest but do no damage.
The orc priest is moderately wounded.
You constrict the orc priest, but do no damage.
The orc priest barely misses you. The orc hits you with a +0 club.
You die...

##### #.#####.....##.# ....#
#.######....##.#
###.###......#...†##.#######
...........♣.♣..............
####.##.####.#....#.........
.))....)...♣.♣#......#......
###........#.##......######.
#........♣.♣..go.......
#.....^......o@........
#........♣.♣#.#########
###..........##.# ..
...........♣.♣#.# ######### ...#
.............##.####.......##...#
...P.P....#♣.♣.....o...♣.♣.♣.♣.♣#
.P.♣♣..P..##.#..####............#
P♣P.♣♣P..............o.♣.♣.♣.♣.♣#
.PP.P♣♣PP.##.#..###..g..........#


You could see an orc priest, an orc and a goblin.

Vanquished Creatures
  3 gnolls
  An adder (D:3)
  A worm (D:2)
  A dart slug (D:2)
  10 orcs (D:3)
  5 ball pythons
  2 bats (D:2)
  5 endoplasms
  4 giant cockroaches
  7 goblins
  2 hobgoblins (D:1)
  3 jackals (D:2)
  A quokka (D:2)
  3 frilled lizards
  A kobold (D:1)
  3 rats (D:2)
52 creatures vanquished.

Vanquished Creatures (others)
  4 plants (D:3)
4 creatures vanquished.

Grand Total: 56 creatures vanquished

Notes
Turn   | Place    | Note
-------+----------+-------------------------------------------
     0 | D:1      | Lemonice the Octopode Earth Elementalist began the quest
                  | for the Orb.
     0 | D:1      | Reached XP level 1. HP: 11/11 MP: 3/3
   584 | D:1      | Found Loowuf's Distillery.
   630 | D:1      | Reached XP level 2. HP: 12/18 MP: 5/5
  1030 | D:1      | Reached skill level 1 in Fighting
  1109 | D:1      | Found a faded altar of an unknown god.
  1349 | D:2      | Reached XP level 3. HP: 21/23 MP: 6/6
  1444 | D:1      | Reached skill level 1 in Short Blades
  1853 | D:2      | Reached XP level 4. HP: 17/28 MP: 7/7
  3072 | D:3      | Slain by an orc

Illustrated notes

Levels and vault maps discovered:
D:1:      dpeg_arrival_round_a, layout_rooms, shapermc_ecumenical_altar_pompeii,
          serial_shops, shop_statue
D:2:      layout_rooms, skrybe_limestone_x
D:3:      layout_basic, serial_forest, infiniplex_forest_clump_C,
          infiniplex_forest_straight_4, infiniplex_forest_lined_room_3,
          infiniplex_forest_lined_3, infiniplex_forest_clump_long,
          infiniplex_forest_clump_medium

Skill      XL: |  1  2  3  4 |
---------------+-------------+-----
Stealth        | 3 |  3.7
Fighting       | 1 |  1.6
Short Blades   | 1 2 |  2.0
Dodging        | 3 |  3.3
Spellcasting   | |  2.0
Transmutations | |  1.0
Earth Magic    | |  3.0

Action                   |  1- 3 |  4- 6 || total
-------------------------+-------+-------++-------
Melee: Unarmed           |    20 |       ||    20
       Constrict         |    20 |    23 ||    43
       Tentacles         |    15 |    16 ||    31
       Dagger            |    56 |    94 ||   150
       Short sword       |     3 |       ||     3
 Cast: Sandblast         |       |     2 ||     2
 Stab: Sleeping          |     8 |     2 ||    10
       Distracted        |       |     1 ||     1
Armor: Skin              |     2 |     6 ||     8
Dodge: Dodged            |    67 |    72 ||   139

Table legend: (Time is in decaauts)
 A = Elapsed time spent in this place.
 B = Non-inter-level travel time spent in this place.
 C = Inter-level travel time spent in this place.
 D = Time resting spent in this place.
 E = Time spent auto-exploring this place.
 F = Levels seen in this place.
 G = Mean time per level.
                   A        B        C        D        E       F      G
               +--------+--------+--------+--------+--------+-----+--------+
         Total |   3061 |   3037 |     24 |      0 |   2528 |   3 | 1020.3 |
       Dungeon |   3061 |   3037 |     24 |      0 |   2528 |   3 | 1020.3 |
               +--------+--------+--------+--------+--------+-----+--------+

Top non-repeatable levels by time:
     D:1: 1574 daAuts
     D:2: 982 daAuts
     D:3: 505 daAuts
